 Dungeon Crawl Stone Soup version 0.22.0-49-gab54619 (webtiles) character file.

73 Lavandula the Chopper (level 4, 0/38 HPs)
             Began as a Centaur Berserker on Sept 3, 2018.
             Was a Follower of Trog.
             Shot with an arrow by a centaur (8 damage)
             ... on level 3 of the Dungeon.
             The game lasted 00:02:01 (308 turns).

Lavandula the Chopper (Centaur Berserker)            Turns: 308, Time: 00:02:02

Health: 0/38       AC:  4    Str: 21    XL:     4   Next: 8%
Magic:  4/4        EV:  9    Int:  6    God:    Trog [*.....]
Gold:   29         SH:  0    Dex:  8    Spells: 3/3 levels left

rFire    . . .     SeeInvis .   a - +0 hand axe
rCold    . . .     Gourm    .   (no shield)
rNeg     . . .     Faith    .   b - +0 animal skin
rPois    .         Spirit   .   (no helmet)
rElec    .         Reflect  .   (no cloak)
rCorr    .         Harm     .   (no gloves)
MR       .....                  (no barding)
Stlth    +.........             (no amulet)
HPRegen  0.12/turn              (no ring)
MPRegen  0.09/turn              (no ring)

@: very quick
A: large, hooves 3, deformed body, speed 2, tough skin 3
a: Berserk, Renounce Religion


You were on level 3 of the Dungeon.
You worshipped Trog.
Trog was aware of your devotion.
You were not hungry.

You visited 1 branch of the dungeon, and saw 4 of its levels.

You collected 29 gold pieces.

Inventory:

Hand Weapons
 a - a +0 hand axe (weapon)
 f - a +0 blowgun
Armour
 b - a +0 animal skin (worn)
Jewellery
 e - a +5 ring of strength {unknown}
Scrolls
 d - a scroll of identify {unknown}
 h - a scroll of enchant armour {unknown}
Potions
 g - a potion of heal wounds {unknown}
Comestibles
 c - 4 rations


   Skills:
 - Level 3.0 Fighting
 + Level 4.5 Axes
 - Level 1.3 Armour
 - Level 1.3 Dodging


You had 3 spell levels left.
You didn't know any spells.
Your spell library was empty.

Dungeon Overview and Level Annotations

Branches:
Dungeon (4/15)
 Temple: D:4-7

Altars:


Innate Abilities, Weirdness & Mutations

You have hooves in place of feet.
Armour fits poorly on your strangely shaped body.
You cover ground very quickly.
You have extremely tough skin. (AC +3)


Message History

Trog accepts your kill.
The goblin shoots a stone.
The stone hits you.
* * * LOW HITPOINT WARNING * * *
The goblin shoots a stone.
The stone hits you.
* * * LOW HITPOINT WARNING * * *
Things that are here:
a stone; a quokka corpse; a rat corpse You barely miss the goblin.
The goblin unwields an uncursed hunting sling.
The goblin wields an uncursed club.
The goblin hits you but does no damage.
You hit the goblin. You kick the goblin.
You kill the goblin!
Trog accepts your kill.
Items here: ( )) † an uncursed club; an uncursed hunting sling; 19 stones; a goblin corpse
c - 4 rations (gained 1)
A centaur comes into view.
The centaur shouts!
The centaur wields a shortbow.
The centaur shoots an arrow.
The arrow hits you!
You die...

#..............#####....#
#.....####.........######
####.##.((.)..........#
#..(.##............#
#######.######.....##
...[...............
#.###............... #
#...............
#..@............
....................
...##.#######+###### c.
#. #


You could see a centaur.

Vanquished Creatures
  A hound (D:4)
  A worker ant (D:4)
  An adder (D:4)
  A leopard gecko (D:3)
  An orc (D:3)
  2 bats
  A goblin (D:3)
  A kobold (D:3)
  A quokka (D:3)
  2 rats (D:3)
12 creatures vanquished.

Notes
Turn   | Place    | Note
-------+----------+-------------------------------------------
     0 | D:1      | Lavandula the Centaur Berserker began the quest for the
                  | Orb.
     0 | D:1      | Reached XP level 1. HP: 19/19 MP: 1/1
   135 | D:3      | Reached skill level 3 in Axes
   147 | D:4      | Noticed a hound
   147 | D:4      | Noticed a worker ant
   153 | D:4      | Killed a worker ant
   153 | D:4      | Reached XP level 2. HP: 26/26 MP: 2/2
   155 | D:4      | Reached skill level 4 in Axes
   155 | D:4      | Reached XP level 3. HP: 31/31 MP: 3/3
   159 | D:4      | Noticed an ice beast
   181 | D:4      | Noticed a scorpion
   186 | D:3      | Reached XP level 4. HP: 5/38 MP: 4/4
   308 | D:3      | Noticed a centaur
   308 | D:3      | Shot with an arrow by a centaur

Skill      XL: |  1  2 |
---------------+-------+-----
Axes           | 3 4 |  4.5
Fighting       | |  3.0
Armour         | |  1.3
Dodging        | |  1.3

Action                   |  1- 3 |  4- 6 || total
-------------------------+-------+-------++-------
Melee: Hand axe          |    21 |     6 ||    27
       Kick              |     2 |     3 ||     5
Invok: Berserk           |     1 |       ||     1
Armor: Animal skin       |    21 |     1 ||    22
Dodge: Dodged            |    15 |     1 ||    16
